 Dungeon Crawl Stone Soup version 0.24-a0-285-g3c078ff (webtiles) character file.

Game seed: 7214530096233221655

747 theanonym the Cleaver (level 7, -5/63 HPs)
             Began as a Minotaur Warper on May 7, 2019.
             Killed from afar by Blork the orc (7 damage)
             ... with a puff of frost
             ... on level 5 of the Dungeon.
             The game lasted 00:03:35 (3975 turns).

theanonym the Cleaver (Minotaur Warper)             Turns: 3975, Time: 00:03:36

Health: -5/63      AC:  6    Str: 22    XL:     7   Next: 48%
Magic:  8/8        EV: 11    Int: 10    God:
Gold:   207        SH:  0    Dex: 14    Spells: 8/8 levels left

rFire    . . .     SeeInvis .   a - +0 hand axe
rCold    . . .     Gourm    .   (no shield)
rNeg     . . .     Faith    .   l - +0 ring mail
rPois    .         Spirit   .   (helmet restricted)
rElec    .         Reflect  .   (no cloak)
rCorr    .         Harm     +   (no gloves)
MR       .....                  p - +0 pair of boots (curse)
Stlth    +.........             d - amulet of harm
HPRegen  0.20/turn              i - +4 ring of strength
MPRegen  0.11/turn              g - +5 ring of dexterity

@: no status effects
A: retaliatory headbutt, horns 2
a: no special abilities


Innate Abilities, Weirdness & Mutations

You reflexively headbutt those who attack you in melee.
You have a pair of horns on your head.


   Skills:
 + Level 6.1 Fighting
 * Level 8.5 Axes
 - Level 1.0 Throwing
 - Level 1.2 Armour
 - Level 2.1 Dodging
 - Level 1.3 Spellcasting
   Level 2.1 Translocations


You had 8 spell levels left.
You didn't know any spells.
Your spell library contained the following spells:

 Spells                   Type           Power        Failure   Level  Hunger
 Apportation              Tloc           #.....       22%         1    ##.....
 Blink                    Tloc           N/A          32%         2    ###....
 Shroud of Golubria       Chrm/Tloc      #.........   45%         2    ###....
 Animate Skeleton         Necr           N/A          47%         1    ##.....
 Confusing Touch          Hex            #.....       47%         1    ##.....
 Freeze                   Ice            #...         47%         1    ##.....
 Summon Small Mammal      Summ           #...         47%         1    ##.....
 Gell's Gravitas          Tloc           #.........   54%         3    ####...
 Lesser Beckoning         Tloc           #.........   54%         3    ####...
 Teleport Other           Tloc           #.......     54%         3    ####...
 Throw Frost              Conj/Ice       #.....       63%         2    ###....
 Ozocubu's Armour         Chrm/Ice       #.......     85%         3    ####...
 Passage of Golubria      Tloc           N/A          91%         4    #####..
 Summon Ice Beast         Ice/Summ       #.......     99%         4    #####..
 Throw Icicle             Conj/Ice       #.......     99%         4    #####..

Skill      XL: |  1  2  3  4  5  6  7 |
---------------+----------------------+-----
Axes           | 3 4 5 6 7 8 |  8.5
Fighting       | 3 4 5 6 |  6.1
Throwing       | |  1.0
Armour         | |  1.2
Dodging        | |  2.1
Spellcasting   | |  1.3
Translocations | |  2.1

Action                   |  1- 3 |  4- 6 |  7- 9 || total
-------------------------+-------+-------+-------++-------
Melee: Hand axe          |    86 |   179 |    25 ||   290
       Headbutt          |    11 |    38 |     9 ||    58
  Use: Scroll            |       |     7 |       ||     7
  Eat: Chunk             |     1 |     8 |     1 ||    10
Armor: Leather armour    |    11 |       |       ||    11
       Ring mail         |    13 |    71 |     4 ||    88
Dodge: Dodged            |    69 |    95 |    13 ||   177

Inventory:

Hand Weapons
 a - a +0 hand axe (weapon)
Missiles
 f - 5 tomahawks of dispersal (quivered)
 y - 3 tomahawks
 A - a throwing net
Armour
 l - a +0 ring mail (worn)
 p - a cursed +0 pair of boots (worn)
Jewellery
 d - an amulet of harm (around neck)
 g - a +5 ring of dexterity (right hand)
 i - a +4 ring of strength (left hand)
 x - an uncursed ring of magical power {unknown}
Wands
 w - a wand of flame (9)
Scrolls
 b - a scroll of random uselessness {unknown}
 j - a scroll of immolation
 k - 2 scrolls of enchant armour {unknown}
 m - 2 scrolls of remove curse {unknown}
 n - 3 scrolls of amnesia
 r - a scroll of identify
 t - a scroll of teleportation {!r}
 B - 2 scrolls of blinking
 E - a scroll of magic mapping {unknown}
Potions
 c - 3 potions of curing
 h - 2 potions of brilliance {unknown}
 o - 3 potions of lignification
 q - 2 potions of heal wounds
 s - a potion of ambrosia
 u - a potion of might {unknown}
 v - a potion of flight {unknown}
 z - a potion of berserk rage {unknown}
 C - a potion of magic {unknown}
Comestibles
 e - 9 rations


You were on level 5 of the Dungeon.
You were not hungry.

You visited 1 branch of the dungeon, and saw 5 of its levels.

You collected 207 gold pieces.

Dungeon Overview and Level Annotations

Branches:
Dungeon (5/15)
 Temple: D:4-7

Altars:
Elyvilon
Qazlal
Wu Jian
Xom

Annotations:
D:5 Blork the orc

#. #........#
######## #.
#..###.#.# ########
###.##..# #.#.#
#....... .....#..#
#w#.# ########
#.##.#..# #.#.## #
#.##.#..# #....#
#####
######.##.#.#.##..###
#[...
#..........###.##o#
#####
#.####......#..@..# #
#.........#........#
#
#.###.###.####.#####
# #.# #.# #.# #
#.###'###.# #.
#...'_###.# #.
...###'###.# #. #####
# #.# #.## #. #....
#.###.###..# #####


You could see Blork the orc.

Notes
Turn   | Place    | Note
-------+----------+-------------------------------------------
     0 | D:1      | theanonym the Minotaur Warper began the quest for the Orb.
     0 | D:1      | Reached XP level 1. HP: 18/18 MP: 1/1
    48 | D:1      | Reached skill level 3 in Axes
    87 | D:1      | HP: 9/18 [ball python (1)]
    88 | D:1      | Reached XP level 2. HP: 11/25 MP: 3/3
   282 | D:1      | HP: 11/25 [hobgoblin (3)]
   283 | D:1      | HP: 3/25 [hobgoblin (5)]
   590 | D:1      | Reached skill level 3 in Fighting
   754 | D:1      | Reached XP level 3. HP: 31/31 MP: 4/4
   894 | D:1      | Reached skill level 4 in Axes
  1107 | D:2      | Found a white marble altar of Elyvilon.
  1148 | D:2      | Reached XP level 4. HP: 32/38 MP: 5/5
  1316 | D:2      | Reached skill level 5 in Axes
  1900 | D:3      | Reached skill level 4 in Fighting
  2479 | D:4      | Found a stormy altar of Qazlal.
  2491 | D:4      | Reached XP level 5. HP: 45/46 MP: 6/6
  2596 | D:4      | HP: 22/46 [orc priest/+0 short sword (6)]
  2781 | D:4      | Found a shimmering altar of Xom.
  2809 | D:4      | Reached skill level 6 in Axes
  2822 | D:4      | Noticed an ogre
  2830 | D:4      | Killed an ogre
  2830 | D:4      | Reached XP level 6. HP: 50/55 MP: 7/7
  2868 | D:4      | Reached skill level 5 in Fighting
  2943 | D:4      | Reached skill level 7 in Axes
  3488 | D:5      | Entered Level 5 of the Dungeon
  3708 | D:5      | Reached XP level 7. HP: 36/62 MP: 8/8
  3774 | D:5      | Reached skill level 8 in Axes
  3909 | D:5      | Found an ornate altar of the Wu Jian Council.
  3953 | D:5      | Noticed Blork the orc
  3958 | D:5      | HP: 24/62 [ogre/+0 giant club (19)]
  3960 | D:5      | HP: 6/62 [ogre/+0 giant club (18)]
  3961 | D:5      | Reached skill level 6 in Fighting
  3973 | D:5      | HP: 2/63 [Blork the orc/magic dart (7)]
  3975 | D:5      | Killed from afar by Blork the orc

Vanquished Creatures
  2 ogres
  A centaur (D:5)
  A centaur zombie (D:5)
  2 bullfrog zombies (D:5)
  A quasit (D:5)
  2 orc priests (D:4)
  An orc wizard (D:4)
  A bullfrog skeleton (D:4)
  A centaur skeleton (D:5)
  6 adders
  An ooze (D:2)
  An adder skeleton (D:5)
  4 worms
  4 leopard geckos
  19 orcs
  2 ball pythons
  5 bats
  3 giant cockroaches (D:1)
  11 goblins
  3 hobgoblins
  20 jackals
  3 quokkas
  5 frilled lizards
  15 kobolds
  6 rats
120 creatures vanquished.

Vanquished Creatures (others)
  An orc wizard (D:4)
1 creature vanquished.

Grand Total: 121 creatures vanquished

Table legend:
 A = Turns spent in this place as a percentage of turns spent in the entire game.
 B = Non-inter-level travel turns spent in this place as a percentage of non-inter-level travel turns spent in the entire game.
 C = Inter-level travel turns spent in this place as a percentage of turns spent in this place.
 D = Turns resting spent in this place as a percentage of non-inter-level travel turns spent in this place.
 E = Turns spent auto-exploring this place as a percentage of non-inter-level travel turns spent in this place.
 F = Non-inter-level travel turns spent in this place divided by the number of levels of this place that you've seen.
                   A       B       C       D       E      F
               +-------+-------+-------+-------+-------+----------------------
         Total | 100.0 | 100.0 |   3.4 |  24.0 |  62.1 | 768.2
       Dungeon | 100.0 | 100.0 |   3.4 |  24.0 |  62.1 | 768.2
               +-------+-------+-------+-------+-------+----------------------
